 Dungeon Crawl Stone Soup version 0.20.1-1-g8b1a95d (webtiles) character file.

614083 tidbits the Black Belt (level 24, -17/267 HPs)
             Began as a Demigod Transmuter on Aug 14, 2017.
             Killed from afar by a hellion (38 damage)
             ... with damnation
             ... on level 5 of the Iron City of Dis on Aug 17, 2017.
             The game lasted 09:24:08 (30502 turns).

tidbits the Black Belt (Demigod Transmuter)        Turns: 30502, Time: 09:24:09

Health: -17/267    AC: 35    Str: 25    XL:     24   Next: 51%
Magic:  28/52      EV: 27    Int: 32    God:
Gold:   3323       SH:  9    Dex: 25    Spells: 1/60 levels left

rFire    + + .     SeeInvis .     - Unarmed
rCold    . . .     Gourm    .   D - +3 warlock's mirror {reflect}
rNeg     + . .     Faith    .   (armour currently unavailable)
rPois    ∞         Spirit   .   E - +2 helmet {Int+3}
rElec    +         Reflect  +   C - +2 cloak
rCorr    .         Harm     .   (gloves currently unavailable)
MR       ++...     Rnd*Rage +   (boots currently unavailable)
Stlth    ++........             T - amulet of Xom's Passing Interest {RegenMP +Fly Str+4 Dex+3 Stlth+}
Regen    1.6/turn               U - ring "Ruixos" {Wiz +Inv}
MPRegen  0.5/turn               g - ring "Lubrid" {Str+6 Dex+4 Stlth+}

@: statue-form, contaminated, regenerating, glowing, very slow
A: berserk 1, fire resistance 2, high mp 1, electricity resistance, evolution 1
}: 5/15 runes: decaying, serpentine, slimy, silver, golden
a: End Transformation, Evoke Invisibility, Evoke Flight


You were on level 5 of the Iron City of Dis.
You were not hungry.
You were a stone statue.
You visited 13 branches of the dungeon, and saw 60 of its levels.
You also visited: Volcano and Wizlab.

You collected 6422 gold pieces.
You spent 3099 gold pieces at shops.

Inventory:

Hand Weapons
 t - the +8 demon blade "Leech" {vamp, rN+ AC-3 EV-3}
   (You found it on level 5 of the Pits of Slime)

   It inflicts no extra harm, but heals its wielder when it wounds a living foe.
   It affects your AC (-3).
   It affects your evasion (-3).
   It protects you from negative energy.
 z - a +0 scythe of protection
   (You took it off a reaper on level 5 of the Iron City of Dis)
Missiles
 h - 3 throwing nets (quivered) {!f}
 w - 486 arrows
Armour
 B - a +2 troll leather armour (melded) {Snorg}
 C - a +2 cloak (worn)
 D - the +3 warlock's mirror (worn) {reflect}
   (You bought it in a shop on level 2 of the Orcish Mines)
 E - a +2 helmet of intelligence (worn)
   (You found it on level 5 of the Vaults)
 F - the +2 pair of boots of the Assassin (melded) {Detection Stab+ Stlth++}
   (You found it on level 3 of the Elven Halls)

   It makes you much more stealthy.
 G - a +2 pair of gloves (melded)
Jewellery
 a - an uncursed ring of protection from fire
   (You found it on level 1 of the Swamp)
 g - the ring "Lubrid" (right hand) {Str+6 Dex+4 Stlth+}
   (You found it on level 3 of the Tomb of the Ancients)

   [ring of stealth]

   It affects your strength (+6).
   It affects your dexterity (+4).
   It makes you more stealthy.
 n - an uncursed ring of protection from cold
   (You found it on level 12 of the Dungeon)
 H - the ring of Xicse {rCorr MR+ Stlth+}
   (You found it on level 5 of the Vaults)

   [ring of resist corrosion]

   It affects your resistance to hostile enchantments.
   It makes you more stealthy.
 T - the amulet of Xom's Passing Interest (around neck) {RegenMP +Fly Str+4 Dex+3 Stlth+}
   (You found it on level 3 of the Elven Halls)

   [amulet of magic regeneration]

   It increases your magic regeneration.
   It affects your strength (+4).
   It affects your dexterity (+3).
   It lets you fly.
   It makes you more stealthy.
 U - the ring "Ruixos" (left hand) {Wiz +Inv}
   (You found it on level 3 of the Tomb of the Ancients)

   [ring of wizardry]

   It improves your spell success rate.
   It lets you turn invisible.
 V - a ring of the Octopus King {rN+ AC+1 EV+1 Str+1 Int+1 Dex+1}
   (You took it off a deep elf demonologist on level 3 of the Elven Halls)

   [ring of positive energy]

   It affects your AC (+1).
   It affects your evasion (+1).
   It affects your strength (+1).
   It affects your intelligence (+1).
   It affects your dexterity (+1).
   It protects you from negative energy.
Wands
 d - a wand of digging (12/24)
 m - a wand of iceblast (5/15)
 p - a wand of paralysis (8/24)
 y - a wand of acid (11/15)
 W - a wand of clouds (6/9)
Scrolls
 f - 5 scrolls of fog
 i - a scroll of identify
 o - a scroll of recharging
 q - 6 scrolls of fear
 r - 19 scrolls of remove curse
 v - 3 scrolls of teleportation
 Q - 4 scrolls of immolation
 Y - 2 scrolls of magic mapping
Potions
 b - 3 potions of berserk rage
 c - 3 potions of haste
 l - 2 potions of resistance
 u - 4 potions of flight
 x - 2 potions of magic
 K - 5 potions of mutation {!q}
 L - 15 potions of curing
 M - 2 potions of agility
 O - 10 potions of brilliance
 R - 3 potions of might
Miscellaneous
 e - the horn of Geryon
 k - a lamp of fire
 s - a figurine of a ziggurat
 I - a phial of floods
 J - 7 sacks of spiders
 S - 3 boxes of beasts
 Z - 2 phantom mirrors
Comestibles
 j - 25 meat rations


   Skills:
 - Level 15.0 Fighting
 - Level 13.8 Dodging
 - Level 4.2 Shields
 - Level 20.0 Unarmed Combat
 - Level 18.5 Spellcasting
 - Level 3.3 Conjurations
 - Level 2.2 Charms
 - Level 8.3 Summonings
 - Level 10.6 Necromancy
 + Level 15.1 Translocations
 - Level 12.3 Transmutations
   Level 1.0 Air Magic
 - Level 9.7 Earth Magic
 - Level 6.1 Evocations


You had one spell level left.
You knew the following spells:

 Your Spells              Type           Power        Failure   Level  Hunger
a - Apportation           Tloc           ######       0%          1    None
b - Blink                 Tloc           N/A          0%          2    None
k - Sticks to Snakes      Tmut           #######.     0%          2    None
p - Passage of Golubria   Tloc           N/A          1%          4    None
r - Regeneration          Chrm/Necr      ######....   1%          3    None
s - Statue Form           Tmut/Erth      #######..    1%          6    None
u - Control Undead        Necr           #######...   1%          4    None
w - Passwall              Tmut/Erth      #######...   0%          2    None
y - Song of Slaying       Chrm           #####...     1%          2    None
A - Aura of Abjuration    Summ           ######....   1%          5    None
B - Controlled Blink      Tloc           N/A          7%          8    #####..
D - Death Channel         Necr           #######...   1%          6    None
L - Lee's Rapid Deconstr  Erth           #######...   1%          5    None
N - Animate Dead          Necr           N/A          1%          4    None
R - Irradiate             Conj/Tmut      ######....   1%          5    None


Dungeon Overview and Level Annotations

Branches:
Dungeon (15/15)            Temple (0/1) D:4            Lair (6/6) D:8
  Swamp (4/4) Lair:4        Snake (4/4) Lair:3        Slime (5/5) Lair:5
    Orc (2/2) D:10            Elf (3/3) Orc:2        Vaults (5/5) D:14
  Crypt (3/3) Vaults:2       Tomb (3/3) Crypt:3      Depths (4/5) D:15
   Hell (1/1)                 Dis (3/7) Hell
    Geh: Hell:1         Coc: Hell:1         Tar: Hell:1

Shops:
D:4 *   D:8 !   D:12 [*[(%   Orc:2 *[*(=   Elf:3 !   Snake:1 [   Snake:4 %
Vaults:3 (   Depths:1 (

Portals:
Hell: Depths:2 Depths:4
Abyss: Depths:4
Pandemonium: Depths:3
Ziggurat: Depths:4

Annotations:
D:3 Monsterracer's ghost, amateur TeWz; Robin
D:15 1 runed door


Innate Abilities, Weirdness & Mutations

You have an increased reservoir of magic. (+10% MP)
You tend to lose your temper in combat.
Your flesh is very heat resistant. (rF++)
You are resistant to electric shocks. (rElec)
You evolve.


Message History

Unknown command.
Casting: Irradiate
Confirm with . or Enter, or press ? or * to list all spells.
You erupt in a fountain of uncontrolled magic!
The iron giant is blasted with magical radiation!
The iron giant is severely wounded.
The iron giant twists and deforms.
The frost giant zombie is blasted with magical radiation!
The frost giant zombie is almost destroyed.
Something shouts, "Leave, thou feckless crook-pated varlet!"
You block the frost giant zombie's attack.
The iron giant points at you and mumbles some strange words.
The iron shot misses you.
The iron shot hits the frost giant zombie.
The frost giant zombie is destroyed!
A hell hound comes into view.
Unknown command.
You pulverise the iron giant!!!
You kill the iron giant!
You pummel the ancient champion like a punching bag!!!
The ancient champion is heavily damaged.
You hear a bark!
The ancient champion hits you with an enchanted great sword!
* * * LOW HITPOINT WARNING * * *
A hell hound comes into view.
Unknown command.
You closely miss the hell hound.
The hell hound bites you but does no damage.
The ancient champion completely misses you.
The hell hound misses you.
You pulverise the ancient champion!!!
You destroy the ancient champion!
Your Translocations skill increases to level 15!
You block the hell hound's attack.
You pummel the ancient champion!!
The ancient champion is moderately damaged.
The ancient champion hits you but does no damage.
You block the hell hound's attack.
You hit the ancient champion.
The ancient champion is heavily damaged.
The hell hound barely misses you.
You block the ancient champion's attack.
The hell hound misses you.
You pummel the ancient champion like a punching bag!!!
You destroy the ancient champion!
The hell hound completely misses you.
You pummel the hell hound!!
You kill the hell hound!
The hell hound closely misses you.
You squash the hell hound like an ant!!!
You kill the hell hound!
The hell hound completely misses you.
You hit the hell hound but do no damage.
You block the hell hound's attack. The hell hound completely misses you.
You hit the hell hound.
The hell hound is lightly wounded.
The hell hound completely misses you.
You pummel the hell hound!!
The hell hound is almost dead.
You block the hell hound's attack.
You pulverise the hell hound!!!!
You kill the hell hound!
Your transformation is almost over.
Items here: )))) [[ ††
Casting: Irradiate
Confirm with . or Enter, or press ? or * to list all spells.
Your skin crawls.
There is an open door here.
Okay, then.
Casting: Regeneration
Confirm with . or Enter, or press ? or * to list all spells.
You extend your transformation's duration.
A hellion comes into view.
There is an open door here.
You suddenly feel all small and vulnerable.
The dungeon shakes, a horrible noise fills the air, and a portal to some otherworldly place is opened!
A rust devil, a wraith and a zombie come into view.
Unknown command.
The hellion gives a hideous shriek!
The hellion gestures at you.
The sphere of damnation explodes!
The damnation engulfs you!
* * * LOW HITPOINT WARNING * * *
The damnation engulfs the hellion.
The hellion completely resists.
You block the hellion's attack.
Unknown command.
You pummel the hellion!!
The hellion is heavily wounded.
The hellion gestures at you.
The sphere of damnation explodes!
The damnation engulfs you!
* * * LOW HITPOINT WARNING * * *
The damnation engulfs the hellion.
The hellion completely resists.
An eldritch tentacle comes into view.
Unknown command.
Casting: Statue Form
Confirm with . or Enter, or press ? or * to list all spells.
Blink to where?
Press: ? - help, Dir - move target cursor The hellion gestures at you.
The sphere of damnation explodes!
The damnation engulfs you!
You die...

###)....# #.....
####### #....# {
....## #...8. #
..##########
...........
.........#####.
#........8.......
#................
#.......######...
. #.......# . ...
#.......#
....#....W..#
....'.......#
#'#.2§.4..#
.........Z..#


You could see a rust devil, a hellion and a wraith.

Vanquished Creatures
  4 ancient liches
  Mennas (Vaults:4)
  Mara (Swamp:3)
  Sojobo (Depths:4)
  17 greater mummies
  The ghost of equalderp2856 the Hoplite, a veteran MiFi (Vaults:4)
  Frederick (Vaults:3)
  6 golden dragons
  Nikola (Vaults:3)
  Geryon (Hell)
  Jory (Vaults:3)
  A bone dragon (Crypt:3)
  An iron giant (Dis:5)
  A Tzitzimitl (Dis:5)
  6 tentacled monstrosities
  An Ice Fiend (Dis:5)
  4 liches
  2 deep elf blademasters (Elf:3)
  5 titans (Vaults:5)
  15 acid blobs
  8 sphinxes
  An Executioner (Dis:5)
  6 ancient champions
  Roxanne (Snake:2)
  6 tengu reavers
  2 thorn hunters
  10 nagarajas
  A storm dragon (Depths:2)
  3 azure jellies (Slime:5)
  Donald (Vaults:3)
  2 revenants (Crypt:1)
  7 deep elf sorcerers
  6 fire giants
  3 frost giants
  An iron dragon (Dis:5)
  3 balrugs
  10 vault wardens
  A caustic shrike zombie (Hell)
  3 curse skulls
  2 cacodemons (WizLab)
  4 deep elf elementalists
  18 stone giants
  18 reapers
  3 very ugly things
  7 ironheart preservers
  3 war gargoyles (Crypt:3)
  2 vampire knights
  3 entropy weavers
  6 bennus
  7 deep elf annihilators
  Azrael (D:15)
  3 spark wasps (Depths:3)
  4 deep elf demonologists
  4 dire elephants (Lair:6)
  A small abomination (Vaults:5)
  2 blizzard demons (Hell)
  2 green deaths (WizLab)
  3 eidola (Crypt:2)
  A merfolk javelineer (Depths:1)
  13 mummy priests
  5 jiangshi
  7 deep elf death magi
  7 ettins
  A quicksilver dragon zombie (Dis:1)
  Josephine (D:12)
  5 fire dragons
  5 deep elf high priests
  10 yaktaur captains
  A fire dragon (shapeshifter) (Vaults:5)
  11 naga warriors
  6 great orbs of eyes
  6 ogre magi
  A quicksilver dragon skeleton (Crypt:3)
  2 rakshasas
  A hell beast (WizLab)
  12 hydras
  Erolcha (Orc:1)
  2 ice dragons
  12 anacondas
  A ghost crab (Swamp:1)
  22 vault guards
  4 centaur warriors
  A death knight (Crypt:2)
  3 catoblepae
  3 spriggan air magi
  3 deep troll shamans
  24 two-headed ogres
  32 death scarabs
  3 vampire magi
  3 tengu warriors
  12 alligators
  A deep troll earth mage (Depths:3)
  4 orc high priests
  4 death yaks (Lair:6)
  13 dancing weapons
  6 spriggan berserkers
  8 hell hogs (Hell)
  5 shock serpents
  7 naga sharpshooters
  An iron golem (Hell)
  10 deep elf knights
  The ghost of DarkAdonis the Cleaver, a novice MiBe of Trog (D:8)
  Sonja (Lair:2)
  Nergalle (D:10)
  4 soul eaters
  2 storm dragon zombies
  8 sun demons
  38 skeletal warriors
  8 hell knights
  2 salamander mystics
  An iron troll (Depths:4)
  3 unseen horrors
  2 quicksilver dragon simulacra (Depths:2)
  6 sea snakes (Snake:4)
  9 deep trolls
  3 wizards
  4 flayed ghosts
  2 spriggan druids (Swamp:3)
  5 swamp dragons
  12 ironbrand convokers
  A storm dragon skeleton (Crypt:1)
  Pikel (D:9)
  A golden dragon skeleton (Crypt:3)
  6 necromancers
  2 shambling mangroves
  4 glowing orange brains
  7 naga ritualists
  8 phantasmal warriors
  11 deep elf archers
  16 orc knights
  An anaconda skeleton (Dis:5)
  3 fire giant zombies
  3 frost giant zombies
  7 mana vipers
  5 cyclopes
  3 iron dragon zombies
  A stone giant zombie (Vaults:3)
  46 deep elf magi
  16 ugly things
  A wolf spider (Vaults:4)
  A manticore (D:12)
  A shadow dragon skeleton (Vaults:3)
  A shining eye (shapeshifter) (Vaults:5)
  A sphinx skeleton (Crypt:1)
  7 orc sorcerers
  6 salamanders
  4 elephants (Lair:6)
  2 frost giant skeletons
  An ice statue (Depths:2)
  19 rust devils
  4 centaur zombies (D:14)
  3 eyes of devastation
  4 gargoyles (Crypt:3)
  13 vault sentinels
  Psyche (D:11)
  22 black mambas
  A stone giant skeleton (Crypt:3)
  2 molten gargoyles (Volcano)
  9 guardian serpents
  3 spriggan zombies
  12 naga magi
  An eye of devastation (shapeshifter) (Vaults:5)
  Maurice (Orc:1)
  A smoke demon (Crypt:3)
  A yaktaur zombie (D:15)
  8 spiny frogs
  2 orange demons
  4 hellions
  A water nymph (shapeshifter) (Vaults:4)
  2 rime drakes
  8 freezing wraiths
  A kobold demonologist (WizLab)
  29 yaktaurs
  A komodo dragon (shapeshifter) (Vaults:2)
  10 komodo dragons
  An efreet (D:13)
  A demonic crawler (Hell)
  10 ice devils
  2 emperor scorpion zombies
  10 tormentors
  3 tengu conjurers
  A grey draconian skeleton (Crypt:2)
  4 polar bears
  30 guardian mummies
  11 red devils
  10 trolls
  A meliai (shapeshifter) (Vaults:5)
  7 tyrant leeches
  5 bog bodies
  9 hornets
  43 slime creatures
  7 blink frogs
  A deep troll zombie (Hell)
  A frost giant simulacrum (Vaults:3)
  2 ettin zombies
  A dream sheep (shapeshifter) (Elf:1)
  14 hippogriffs
  A meliai zombie (D:14)
  10 air elementals
  2 fire dragon zombies
  An ice dragon skeleton (Crypt:1)
  A fire dragon skeleton (Crypt:3)
  A redback (Vaults:5)
  15 flying skulls
  An ice dragon zombie (Hell)
  2 spriggans
  A wyvern (D:11)
  2 ynoxinuls (WizLab)
  A dire elephant simulacrum (Tomb:1)
  2 spriggans (shapeshifter)
  9 shadows
  A tarantella (Vaults:4)
  9 fire elementals
  10 wraiths
  2 basilisks
  44 yaks
  9 ushabtiu
  2 fire bats (Lair:2)
  4 water elementals
  4 hungry ghosts
  15 vampire mosquitoes
  A tengu zombie (D:15)
  43 nagas
  13 swamp worms
  A torturous demonspawn zombie (Crypt:2)
  20 insubstantial wisps
  Edmund (D:5)
  3 wargs
  11 water moccasins
  A spiny frog zombie (Dis:5)
  31 hell hounds
  2 orb spider zombies (Crypt:1)
  2 acid dragons
  Duvessa (D:5)
  8 porcupines
  A deep troll skeleton (Vaults:3)
  4 swamp drakes (Swamp:4)
  47 orc warriors
  3 black bears
  2 ice beasts
  A manticore zombie (Dis:2)
  2 sky beasts
  5 phantoms
  A hornet zombie (D:15)
  A dream sheep zombie (Crypt:1)
  3 ettin simulacra
  A necrophage (D:9)
  2 elf zombies
  23 ogres
  7 wolves
  A blink frog skeleton (Crypt:2)
  5 boggarts
  2 eyes of draining
  A swamp dragon skeleton (Crypt:1)
  A crocodile (shapeshifter) (Depths:3)
  14 centaurs
  13 crocodiles
  A manticore skeleton (Crypt:3)
  A snapping turtle skeleton (Crypt:3)
  2 big kobolds
  A draconian zombie (Crypt:2)
  A yaktaur skeleton (Crypt:1)
  8 bullfrogs
  2 gnoll sergeants (D:10)
  An earth elemental (Elf:3)
  A human skeleton (Vaults:3)
  3 scorpions
  A komodo dragon skeleton (Crypt:1)
  A yak zombie (Crypt:2)
  2 human simulacra
  19 wights
  10 howler monkeys
  A spriggan skeleton (Tomb:3)
  A raiju skeleton (Crypt:2)
  6 electric eels
  4 lava snakes (Volcano)
  2 crimson imps
  13 hounds
  4 jellies
  22 orc priests
  30 orc wizards
  3 bullfrog skeletons
  A centaur skeleton (D:5)
  17 iron imps
  5 iguanas
  8 hell rats
  7 worker ants
  A killer bee zombie (D:8)
  A felid skeleton (Crypt:2)
  2 hound zombies
  A hound skeleton (D:5)
  42 mummies
  A worker ant zombie (D:11)
  10 gnolls
  A howler monkey skeleton (D:5)
  8 adders
  A gnoll (shapeshifter) (Vaults:5)
  2 shadow imps
  An ooze (D:5)
  An adder skeleton (D:9)
  2 worms (D:2)
  A dart slug (D:1)
  6 leopard geckos
  96 orcs
  2 ball pythons (D:3)
  5 giant cockroaches
  3 goblins
  3 hobgoblins
  7 jackals
  5 quokkas
  4 bats
  3 frilled lizards
  7 kobolds
  A leopard gecko skeleton (D:4)
  2 quokka skeletons
  4 rats
  3 crawling corpses
  A fungus (Lair:6)
  8 plants
1975 creatures vanquished.

Vanquished Creatures (collateral kills)
  the Royal Jelly (Slime:5)
  3 greater mummies
  A golden dragon (Depths:3)
  A caustic shrike (Depths:3)
  A Hellbinder (WizLab)
  2 tentacled monstrosities
  A lich (Tomb:3)
  A quicksilver dragon (Depths:2)
  A deep elf master archer (Elf:3)
  6 sphinxes
  7 acid blobs
  A tengu reaver (Depths:3)
  2 azure jellies (Slime:5)
  A nagaraja (Snake:4)
  Aizul (Snake:4)
  2 vault wardens
  An orc warlord (Orc:1)
  2 ironheart preservers
  A very ugly thing (Depths:4)
  2 bennus (Tomb:1)
  2 stone giants
  2 dire elephants (Lair:6)
  A spark wasp (Depths:3)
  A deep elf annihilator (Depths:2)
  2 deep elf demonologists (Depths:2)
  A blizzard demon (Depths:2)
  3 ettins
  A deep elf death mage (Vaults:5)
  3 fire dragons
  3 yaktaur captains
  A quicksilver dragon zombie (Tomb:3)
  8 mummy priests
  6 vault guards (Vaults:5)
  5 hydras
  An ice dragon (Vaults:1)
  2 naga warriors
  A rakshasa (D:12)
  A spriggan air mage (Depths:2)
  A ghost crab (Swamp:4)
  6 two-headed ogres
  2 centaur warriors
  3 alligators
  26 death scarabs
  5 tengu warriors
  2 ogre magi
  2 naga sharpshooters
  Urug (Lair:3)
  2 sun demons (Hell)
  2 spriggan berserkers
  A storm dragon zombie (Crypt:3)
  A titan skeleton (Vaults:5)
  A soul eater (Depths:2)
  4 skeletal warriors
  4 deep elf knights
  A storm dragon skeleton (Crypt:2)
  A deep troll (Vaults:5)
  3 sea snakes (Snake:4)
  2 glowing orange brains
  A naga ritualist (Snake:3)
  A deep elf archer (Elf:3)
  5 swamp dragons
  A swamp dragon (shapeshifter) (Vaults:5)
  2 necromancers
  2 orc knights
  2 frost giant zombies
  9 ugly things
  3 shining eyes (Slime:5)
  A cyclops (Vaults:1)
  2 deep elf magi
  A mana viper (Snake:3)
  3 vault sentinels (Vaults:5)
  A rust devil (Dis:3)
  2 guardian serpents (Snake:4)
  4 black mambas
  2 spiny frogs
  A centaur skeleton (D:12)
  A titan simulacrum (Vaults:5)
  2 naga magi (Snake:2)
  A rime drake (Lair:3)
  A tengu conjurer (Depths:3)
  A komodo dragon (Lair:2)
  8 yaktaurs
  13 guardian mummies
  A human skeleton (Vaults:5)
  A troll (shapeshifter) (Vaults:4)
  5 red devils
  A tyrant leech (Swamp:2)
  A harpy skeleton (Crypt:3)
  A minotaur skeleton (Crypt:2)
  Prince Ribbit (D:5)
  2 hippogriffs
  A hydra zombie (Tomb:3)
  10 slime creatures
  A deep troll zombie (Hell)
  2 blink frogs (Lair:5)
  An ettin zombie (D:15)
  An ettin skeleton (Crypt:1)
  9 flying skulls
  8 yaks
  A shadow (Depths:2)
  A water elemental (Depths:1)
  5 ushabtiu (Tomb:3)
  A golden eye (Slime:5)
  2 wraiths (D:12)
  A hungry ghost (Crypt:3)
  15 nagas
  2 insubstantial wisps (Swamp:1)
  A warg (Vaults:2)
  2 swamp worms
  A water moccasin (Lair:3)
  6 hell hounds
  4 orc warriors
  2 porcupines
  4 swamp drakes
  A human zombie (Vaults:3)
  An ettin simulacrum (Depths:2)
  5 ogres
  A centaur (D:11)
  A crocodile (Lair:6)
  A bullfrog (D:10)
  A big kobold (D:10)
  Dowan (D:5)
  A wight (Dis:3)
  A crimson imp (D:5)
  An orc priest (Elf:3)
  A hound (D:14)
  3 iron imps
  2 orc wizards
  A hell rat (Lair:3)
  14 mummies
  A gnoll (D:10)
  An adder (D:7)
  2 white imps (Hell)
  A dart slug (D:2)
  25 orcs
  3 jackals (D:3)
  2 kobolds (D:14)
  A quokka (D:11)
  A rat (D:3)
  A crawling corpse (Vaults:5)
  2 fungi (Lair:6)
  2 plants (Lair:3)
  2 withered plants
396 creatures vanquished.

Vanquished Creatures (others)
  A deep elf master archer (Elf:3)
  A fire giant (Vaults:5)
  A tengu reaver (Vaults:5)
  Snorg (Lair:3)
  A deep elf high priest (Depths:2)
  A tengu warrior (Depths:2)
  29 death scarabs
  A deep elf knight (Vaults:4)
  A spriggan druid (Swamp:4)
  A frost giant zombie (Dis:5)
  4 yaktaurs (Vaults:4)
  A guardian mummy (Tomb:2)
  A flying skull (Tomb:1)
  4 centaurs
  3 mummies
  A ball lightning (Tomb:3)
  2 orcs
  2 briar patches (Swamp:4)
  A fungus (Lair:6)
  15 plants
  5 withered plants (Crypt:3)
77 creatures vanquished.

Grand Total: 2448 creatures vanquished

Notes
Turn   | Place    | Note
-------+----------+-------------------------------------------
     0 | D:1      | tidbits the Demigod Transmuter began the quest for the Orb.
     0 | D:1      | Reached XP level 1. HP: 15/15 MP: 5/5
    23 | D:1      | Reached skill level 1 in Fighting
   168 | D:1      | Reached skill level 3 in Unarmed Combat
   227 | D:2      | Reached XP level 2. HP: 18/23 MP: 7/7
   231 | D:2      | Learned a level 2 spell: Sticks to Snakes
   538 | D:3      | Reached XP level 3. HP: 24/28 MP: 5/8
   569 | D:3      | Reached skill level 2 in Spellcasting
   574 | D:3      | Learned a level 3 spell: Spider Form
   590 | D:3      | Noticed Monsterracer's ghost (amateur TeWz)
   637 | D:3      | Noticed Robin
   917 | D:3      | Reached skill level 4 in Unarmed Combat
   971 | D:4      | Reached skill level 2 in Transmutations
  1025 | D:4      | Reached XP level 4. HP: 8/35 MP: 3/9
  1182 | D:4      | Found a staircase to the Ecumenical Temple.
  1438 | D:4      | Reached skill level 5 in Unarmed Combat
  1438 | D:4      | Reached XP level 5. HP: 36/40 MP: 3/10
  1448 | D:4      | Found Suckepi's Elemental Accessories.
  1454 | D:4      | Noticed an ogre
  1473 | D:4      | Killed an ogre
  1473 | D:4      | Reached skill level 3 in Transmutations
  1563 | D:5      | Entered Level 5 of the Dungeon
  1579 | D:5      | Noticed Prince Ribbit
  1590 | D:5      | Killed Prince Ribbit
  1590 | D:5      | Reached skill level 6 in Unarmed Combat
  1590 | D:5      | Reached XP level 6. HP: 36/47 MP: 3/11
  1613 | D:5      | Learned a level 2 spell: Swiftness
  1642 | D:5      | Noticed Duvessa
  1643 | D:5      | Noticed Dowan
  1677 | D:5      | Noticed Edmund
  1721 | D:4      | Reached skill level 2 in Dodging
  1721 | D:4      | Reached XP level 7. HP: 30/52 MP: 4/13
  1761 | D:5      | Killed Edmund
  1761 | D:5      | Reached skill level 2 in Fighting
  1761 | D:5      | Reached skill level 7 in Unarmed Combat
  1849 | D:5      | Reached skill level 3 in Dodging
  1922 | D:4      | Learned a level 3 spell: Regeneration
  2024 | D:5      | Killed Duvessa
  2024 | D:5      | Reached skill level 1 in Charms
  2024 | D:5      | Reached skill level 1 in Necromancy
  2030 | D:5      | Killed Dowan
  2039 | D:5      | Reached XP level 8. HP: 58/62 MP: 4/14
  2061 | D:5      | Reached skill level 2 in Charms
  2061 | D:5      | Reached skill level 2 in Necromancy
  2224 | D:6      | Found a shadowy altar of Dithmenos.
  2284 | D:6      | Reached skill level 4 in Transmutations
  2393 | D:6      | Reached skill level 1 in Air Magic
  2512 | D:6      | Reached skill level 3 in Fighting
  2644 | D:6      | Reached skill level 8 in Unarmed Combat
  2738 | D:6      | Learned a level 1 spell: Animate Skeleton
  2922 | D:8      | Found Esewkida's Distillery.
  2925 | D:8      | Bought a potion of lignification for 30 gold pieces
  2925 | D:8      | Bought a potion of curing for 30 gold pieces
  2944 | D:8      | Reached skill level 4 in Dodging
  3019 | D:8      | Noticed a troll
  3028 | D:8      | Noticed DarkAdonis's ghost (novice MiBe)
  3034 | D:8      | Noticed a two-headed ogre
  3056 | D:8      | HP: 6/66 [ogre/giant club (21)]
  3133 | D:9      | Reached skill level 4 in Fighting
  3135 | D:9      | Reached XP level 9. HP: 62/71 MP: 7/15
  3163 | D:8      | HP: 2/71 [hippogriff (6)]
  3183 | D:9      | Noticed Pikel
  3274 | D:8      | Reached skill level 9 in Unarmed Combat
  3414 | D:7      | Reached skill level 5 in Fighting
  3483 | D:7      | Reached skill level 5 in Dodging
  3625 | D:8      | Killed a two-headed ogre
  3625 | D:8      | Reached skill level 3 in Spellcasting
  3777 | D:10     | Entered Level 10 of the Dungeon
  3809 | D:10     | Noticed a two-headed ogre
  3823 | D:10     | Killed a two-headed ogre
  3823 | D:10     | Reached skill level 10 in Unarmed Combat
  3823 | D:10     | Reached XP level 10. HP: 71/83 MP: 15/18
  3849 | D:10     | Noticed a cyclops
  3862 | D:10     | Killed a cyclops
  4135 | D:10     | Reached skill level 5 in Transmutations
  4161 | D:10     | Learned a level 5 spell: Blade Hands
  4187 | D:10     | Reached skill level 6 in Transmutations
  4279 | D:10     | Killed an unseen horror
  4279 | D:10     | Reached skill level 7 in Transmutations
  4283 | D:10     | Noticed Nergalle
  4301 | D:10     | Killed Nergalle
  4335 | D:10     | Found a staircase to the Orcish Mines.
  4533 | D:10     | Reached skill level 8 in Transmutations
  4576 | Orc:1    | Entered Level 1 of the Orcish Mines
  4708 | Orc:2    | Entered Level 2 of the Orcish Mines
  4752 | Orc:2    | Noticed a cyclops
  4855 | Orc:2    | Reached skill level 6 in Fighting
  4855 | Orc:2    | Reached skill level 6 in Dodging
  4860 | Orc:2    | Killed a cyclops
  4860 | Orc:2    | Reached XP level 11. HP: 78/89 MP: 16/20
  4923 | Orc:2    | Noticed an orc knight
  4931 | Orc:2    | Killed an orc knight
  4981 | Orc:2    | Noticed an orc high priest
  4988 | Orc:2    | Killed an orc high priest
  5012 | Orc:2    | Noticed an orc knight
  5045 | Orc:2    | Killed an orc knight
  5068 | Orc:2    | Noticed an orc knight
  5090 | Orc:2    | Killed an orc knight
  5090 | Orc:2    | Reached skill level 11 in Unarmed Combat
  5149 | Orc:2    | Found Dofunur's Jewellery Shop.
  5205 | Orc:2    | Noticed an orc knight
  5217 | Orc:2    | Killed an orc knight
  5217 | Orc:2    | Reached skill level 7 in Fighting
  5223 | Orc:2    | HP: 4/92 [orc warrior/hand axe[an orc knight] (14)]
  5323 | Orc:2    | Found a roughly hewn altar of Beogh.
  5353 | Orc:2    | Found a staircase to the Elven Halls.
  5416 | Orc:1    | Noticed an orc warlord
  5498 | Orc:2    | Reached skill level 7 in Dodging
  5627 | Orc:2    | Noticed a sixfirhy
  5629 | Orc:2    | Noticed an orc knight
  5631 | Orc:2    | Noticed a sixfirhy
  5631 | Orc:2    | Noticed an orc high priest
  5656 | Orc:2    | HP: 8/92 [troll (9)]
  5718 | Orc:2    | Noticed an orc high priest
  5746 | Orc:1    | Noticed Erolcha
  5754 | Orc:1    | Killed Erolcha
  5759 | Orc:1    | Noticed Maurice
  5770 | Orc:1    | Killed Maurice
  5878 | Orc:1    | Found a bloodstained altar of Trog.
  5959 | Orc:1    | Killed an orc warlord
  5959 | Orc:1    | Reached skill level 12 in Unarmed Combat
  6066 | Orc:2    | Killed an orc high priest
  6118 | Orc:2    | Noticed an orc knight
  6165 | Orc:2    | Killed an orc knight
  6165 | Orc:2    | Reached skill level 4 in Spellcasting
  6203 | Orc:2    | Killed an orc high priest
  6203 | Orc:2    | Reached XP level 12. HP: 91/101 MP: 14/23
  6276 | Orc:2    | Reached skill level 5 in Spellcasting
  6290 | Orc:2    | Found Lurof's Assorted Antiques.
  6290 | Orc:2    | Found Faig's Armour Boutique.
  6292 | Orc:2    | Found Murrit Xenye's Weapon Boutique.
  6292 | Orc:2    | Found Goubibb's Assorted Antiques.
  6301 | Orc:2    | Bought a scroll labeled ZECERGHEIBB for 26 gold pieces
  6301 | Orc:2    | Bought a scroll labeled XARHEM GEPTUPU for 26 gold pieces
  6301 | Orc:2    | Bought a scroll labeled MUITOBR GAEWOI for 26 gold pieces
  6698 | D:8      | Killed DarkAdonis's ghost
  6698 | D:8      | Reached skill level 6 in Spellcasting
  6814 | D:4      | Bought Raeffo's Handbook of the Rocks for 660 gold pieces
  6830 | D:4      | Learned a level 6 spell: Statue Form
  6974 | D:8      | Found a staircase to the Lair.
  7007 | Lair:1   | Entered Level 1 of the Lair of Beasts
  7024 | Lair:1   | Reached skill level 1 in Earth Magic
  7117 | Lair:1   | Reached skill level 2 in Earth Magic
  7375 | Lair:1   | Reached skill level 3 in Earth Magic
  7467 | Lair:1   | Reached skill level 9 in Transmutations
  7665 | Lair:3   | Noticed a five-headed hydra
  7674 | Lair:3   | Killed an eight-headed hydra
  7674 | Lair:3   | Reached skill level 4 in Earth Magic
  7940 | Lair:5   | Found a staircase to the Slime Pits.
  8081 | Lair:4   | Noticed a four-headed hydra
  8113 | Lair:4   | Killed a four-headed hydra
  8113 | Lair:4   | Reached skill level 5 in Earth Magic
  8150 | Lair:4   | Learned a level 1 spell: Apportation
  8173 | Lair:5   | Reached skill level 1 in Translocations
  8279 | Lair:5   | Reached skill level 2 in Translocations
  8333 | Lair:6   | Entered Level 6 of the Lair of Beasts
  8358 | Lair:6   | Gained mutation: You expend magic power (3 MP) to strengthen your wands. [potion of mutation]
  8358 | Lair:6   | Gained mutation: Your system is resistant to poisons. (rPois) [potion of mutation]
  8359 | Lair:6   | Lost mutation: Your system is resistant to poisons. (rPois) [potion of mutation]
  8359 | Lair:6   | Lost mutation: You expend magic power (3 MP) to strengthen your wands. [potion of mutation]
  8359 | Lair:6   | Gained mutation: You expend magic power (3 MP) to strengthen your wands. [potion of mutation]
  8359 | Lair:6   | Gained mutation: Your muscles are strong. (Str +2) [potion of mutation]
  8359 | Lair:6   | Gained mutation: Your mind is acute. (Int +2) [potion of mutation]
  8430 | Lair:6   | Found a dark tunnel.
  8446 | Volcano  | Entered a volcano
  8642 | Volcano  | Found a burning altar of Makhleb.
  8652 | Volcano  | Reached skill level 10 in Transmutations
  8652 | Volcano  | Reached XP level 13. HP: 27/107 MP: 16/26
  8674 | Volcano  | Reached skill level 6 in Earth Magic
  9055 | Lair:6   | Noticed a dire elephant
  9055 | Lair:6   | Noticed a dire elephant
  9099 | Lair:6   | Noticed a dire elephant
  9099 | Lair:6   | Noticed a dire elephant
  9103 | Lair:6   | Noticed a dire elephant
  9108 | Lair:6   | Killed a dire elephant
  9108 | Lair:6   | Reached skill level 7 in Earth Magic
  9124 | Lair:6   | Killed a dire elephant
  9367 | Lair:6   | Noticed a dire elephant
  9395 | Lair:6   | Killed a dire elephant
  9454 | Lair:6   | Reached skill level 7 in Spellcasting
  9669 | Lair:6   | Killed a dire elephant
  9712 | Lair:6   | Killed a dire elephant
  9741 | Lair:6   | Killed a dire elephant
  9741 | Lair:6   | Reached skill level 8 in Spellcasting
  9745 | Lair:6   | Learned a level 2 spell: Blink
 10026 | Lair:4   | Reached skill level 11 in Transmutations
 10098 | Lair:4   | Found a staircase to the Swamp.
 10164 | Swamp:1  | Entered Level 1 of the Swamp
 10183 | Swamp:1  | HP: 8/107 [bog body (11)]
 10203 | Swamp:1  | HP: 8/139 [ghost crab] (10)]
 10211 | Swamp:1  | HP: 12/139 [spectral anaconda[a ghost crab] (2)]
 10331 | Swamp:1  | Reached skill level 8 in Earth Magic
 10337 | Swamp:1  | Learned a level 4 spell: Animate Dead
 10441 | Swamp:1  | Reached XP level 14. HP: 47/114 MP: 23/31
 10454 | Swamp:1  | Reached skill level 3 in Necromancy
 10720 | Swamp:2  | Reached skill level 4 in Necromancy
 10964 | Swamp:3  | Noticed Mara
 10967 | Swamp:3  | Noticed tidbits's illusion
 10982 | Swamp:3  | Noticed tidbits's illusion
 10987 | Swamp:3  | Killed Mara
 10987 | Swamp:3  | Reached skill level 5 in Necromancy
 10987 | Swamp:3  | Reached skill level 12 in Transmutations
 10987 | Swamp:3  | Reached skill level 9 in Earth Magic
 11075 | Swamp:4  | Entered Level 4 of the Swamp
 11521 | Swamp:4  | Noticed a thorn hunter
 11526 | Swamp:4  | Killed a thorn hunter
 11585 | Swamp:4  | Noticed a thorn hunter
 11615 | Swamp:3  | HP: 10/148 [five-headed hydra (15)]
 11690 | Swamp:3  | Reached skill level 8 in Fighting
 11747 | Swamp:4  | Reached skill level 13 in Unarmed Combat
 11755 | Swamp:4  | Reached skill level 8 in Dodging
 11816 | Swamp:4  | Reached XP level 15. HP: 121/121 MP: 26/32
 11881 | Swamp:4  | Got a decaying rune of Zot
 11990 | Swamp:2  | Noticed a thorn hunter
 12000 | Swamp:3  | Killed a thorn hunter
 12330 | Lair:3   | Found a staircase to the Snake Pit.
 12478 | D:9      | Killed Pikel
 12607 | Orc:2    | Bought the +3 warlock's mirror {reflect} for 720 gold pieces
 12615 | Orc:2    | Bought a scroll of fear for 91 gold pieces
 12617 | Orc:2    | Bought a scroll of teleportation for 99 gold pieces
 12761 | D:10     | Reached skill level 1 in Shields
 13040 | Snake:1  | Entered Level 1 of the Snake Pit
 13074 | Snake:1  | Reached skill level 2 in Shields
 13117 | Snake:1  | Reached skill level 3 in Shields
 13209 | Snake:1  | Reached skill level 4 in Shields
 13239 | Snake:2  | Noticed a nagaraja
 13255 | Snake:2  | Killed a nagaraja
 13407 | Snake:2  | Reached skill level 9 in Fighting
 13442 | Snake:4  | Entered Level 4 of the Snake Pit
 13442 | Snake:4  | Noticed Aizul
 13458 | Snake:4  | Killed Aizul
 13458 | Snake:4  | Reached skill level 14 in Unarmed Combat
 13465 | Snake:4  | Found Kuogom's Food Shoppe.
 13520 | Snake:4  | Reached skill level 9 in Dodging
 13715 | Snake:4  | Noticed a nagaraja
 13715 | Snake:4  | Noticed a nagaraja
 13735 | Snake:4  | Killed a nagaraja
 13767 | Snake:4  | Killed a nagaraja
 13978 | Snake:4  | Noticed a nagaraja
 13994 | Snake:4  | Killed a nagaraja
 14059 | Snake:4  | Noticed a nagaraja
 14059 | Snake:4  | Noticed a nagaraja
 14059 | Snake:4  | Noticed a nagaraja
 14060 | Snake:4  | Noticed a nagaraja
 14063 | Snake:4  | Killed a nagaraja
 14063 | Snake:4  | Reached XP level 16. HP: 134/134 MP: 25/33
 14096 | Snake:4  | Reached skill level 10 in Fighting
 14123 | Snake:4  | Reached skill level 15 in Unarmed Combat
 14135 | Snake:4  | Reached skill level 10 in Dodging
 14276 | Snake:4  | Got a serpentine rune of Zot
 14371 | Snake:3  | Found an opulent altar of Gozag.
 14719 | Snake:2  | Reached skill level 6 in Necromancy
 14911 | Snake:2  | Reached skill level 7 in Necromancy
 15037 | Snake:2  | Reached skill level 8 in Necromancy
 15046 | Snake:2  | Noticed Roxanne
 15153 | Snake:1  | Found Kitiskergh's Antique Armour Shop.
 15215 | Snake:2  | Killed Roxanne
 15594 | Lair:3   | Noticed Snorg
 15602 | Lair:3   | Killed Snorg
 15603 | Lair:3   | Noticed Urug
 15612 | Lair:3   | Killed Urug
 15612 | Lair:3   | Reached skill level 9 in Necromancy
 15720 | Lair:2   | Noticed Sonja
 15729 | Lair:2   | Killed Sonja
 15946 | Lair:1   | Learned a level 6 spell: Death Channel
 15984 | D:8      | Bought 2 potions of might for 80 gold pieces
 15984 | D:8      | Bought a potion of haste for 100 gold pieces
 15984 | D:8      | Bought a potion of haste for 100 gold pieces
 15984 | D:8      | Bought a potion of haste for 100 gold pieces
 15984 | D:8      | Bought a potion of might for 40 gold pieces
 16126 | D:10     | Learned a level 5 spell: Lee's Rapid Deconstruction
 16160 | Elf:1    | Entered Level 1 of the Elven Halls
 16260 | Elf:1    | Found a magical portal.
 16269 | WizLab   | Entered The Hall of the Hellbinder
 16331 | WizLab   | Reached skill level 10 in Necromancy
 16396 | WizLab   | Reached XP level 17. HP: 141/141 MP: 25/34
 16463 | WizLab   | Noticed Kitiu
 16468 | WizLab   | Found a burning altar of Makhleb.
 16487 | WizLab   | Killed Kitiu the Hellbinder
 16487 | WizLab   | Reached skill level 1 in Evocations
 16491 | WizLab   | Identified Haehenin's Guide on the Entourage
 16507 | WizLab   | Identified the Papyrus of Indemnity
 16684 | WizLab   | Reached skill level 9 in Spellcasting
 16862 | Elf:1    | Learned a level 2 spell: Passwall
 17045 | Elf:2    | Reached skill level 2 in Evocations
 17110 | Elf:3    | Entered Level 3 of the Elven Halls
 17162 | Elf:2    | Reached skill level 3 in Evocations
 17438 | Elf:3    | Found Eroor's Distillery.
 17467 | Elf:3    | Bought a potion of resistance for 120 gold pieces
 17467 | Elf:3    | Bought a potion of heal wounds for 60 gold pieces
 17467 | Elf:3    | Bought a potion of might for 48 gold pieces
 17467 | Elf:3    | Bought 2 potions of heal wounds for 120 gold pieces
 17467 | Elf:3    | Bought a potion of might for 48 gold pieces
 17467 | Elf:3    | Bought a potion of flight for 36 gold pieces
 17575 | Elf:3    | Noticed a Tzitzimitl
 17576 | Elf:3    | Noticed a deep elf blademaster
 17622 | Elf:3    | Killed a deep elf blademaster
 17759 | Elf:3    | Noticed a deep elf blademaster
 17761 | Elf:3    | Killed a deep elf blademaster
 17761 | Elf:3    | Reached skill level 11 in Fighting
 17761 | Elf:3    | Reached skill level 16 in Unarmed Combat
 17811 | Elf:3    | Got a ring of the Octopus King
 17814 | Elf:3    | Identified a ring of the Octopus King {rN+ AC+1 EV+1 Str+1 Int+1 Dex+1} (You took it off a deep elf demonologist on level 3 of the Elven Halls)
 17845 | Elf:3    | Reached skill level 11 in Dodging
 18051 | Elf:3    | Identified the amulet of Xom's Passing Interest {RegenMP +Fly Str+4 Dex+3 Stlth+} (You found it on level 3 of the Elven Halls)
 18098 | Elf:3    | Identified the Almanac of Aid and Poisoning (You found it on level 3 of the Elven Halls)
 18099 | Elf:3    | Identified the Collected Works on Scorching Talismans (You found it on level 3 of the Elven Halls)
 18317 | Elf:2    | Reached XP level 18. HP: 151/151 MP: 23/36
 18555 | D:11     | Noticed Psyche
 18561 | D:11     | Killed Psyche
 18721 | D:12     | Found Kuchex's Armour Boutique.
 18763 | D:12     | Found Vaseju's Assorted Antiques.
 18771 | D:12     | Bought a flickering ivory ring for 115 gold pieces
 18771 | D:12     | Bought a scroll of identify for 46 gold pieces
 18771 | D:12     | Bought a scroll of blinking for 172 gold pieces
 18771 | D:12     | Bought a scroll of identify for 46 gold pieces
 18773 | D:12     | Identified the ring of Uhielex {rElec rPois rC+ MR-} (You bought it in a shop on level 12 of the Dungeon)
 18803 | D:12     | Found Roeghac's Armour Emporium.
 18822 | D:12     | Found Igrufy's Antique Weapon Emporium.
 18910 | D:12     | Noticed Josephine
 18920 | D:12     | Killed Josephine
 18974 | D:12     | Found Atady's Food Shop.
 18982 | D:12     | Found a large runed door.
 18983 | D:12     | Found a large runed door.
 19001 | D:12     | Found a large runed door.
 19001 | D:12     | Found a large runed door.
 19174 | D:13     | Reached skill level 10 in Spellcasting
 19327 | D:13     | Identified the +0 leather armour "Xisoag Hame" {rPois rC+} (You found it on level 13 of the Dungeon)
 19374 | D:14     | Reached skill level 17 in Unarmed Combat
 19390 | D:14     | Found a gate to the Vaults.
 19692 | D:15     | Entered Level 15 of the Dungeon
 19729 | D:15     | Found a runed door.
 19730 | D:15     | Found a white marble altar of Elyvilon.
 19757 | D:15     | Noticed Azrael
 19769 | D:15     | Killed Azrael
 19798 | D:15     | Found a staircase to the Depths.
 20007 | Vaults:1 | Entered Level 1 of the Vaults
 20191 | Vaults:1 | Reached skill level 11 in Spellcasting
 20250 | Vaults:1 | Learned a level 5 spell: Irradiate
 20291 | Vaults:2 | Reached skill level 1 in Conjurations
 20483 | Vaults:2 | Reached skill level 2 in Conjurations
 20609 | Vaults:2 | Found a staircase to the Crypt.
 20609 | Vaults:2 | Found a basalt altar of Yredelemnul.
 20610 | Vaults:2 | Found an ancient bone altar of Kikubaaqudgha.
 20698 | Vaults:3 | Reached skill level 3 in Conjurations
 20728 | Vaults:3 | Noticed Donald
 20734 | Vaults:3 | Killed Donald
 20912 | Vaults:4 | Noticed a tentacled monstrosity
 20921 | Vaults:4 | Killed a tentacled monstrosity
 20948 | Vaults:4 | Reached skill level 12 in Spellcasting
 20956 | Vaults:4 | Learned a level 2 spell: Song of Slaying
 21283 | Vaults:4 | Noticed Mennas
 21372 | Vaults:4 | Killed Mennas
 21372 | Vaults:4 | Reached XP level 19. HP: 147/158 MP: 40/40
 21433 | Vaults:4 | Noticed equalderp2856's ghost (veteran MiFi)
 21446 | Vaults:4 | Killed equalderp2856's ghost
 21758 | Vaults:3 | HP: 1/206 [white ugly thing (21)]
 21794 | Vaults:2 | Reached skill level 18 in Unarmed Combat
 21811 | Vaults:2 | Learned a level 2 spell: Sublimation of Blood
 21964 | Vaults:1 | Reached skill level 12 in Fighting
 21970 | Vaults:1 | Reached skill level 12 in Dodging
 22089 | Vaults:3 | Found Detileun's Weapon Emporium.
 22089 | Vaults:3 | Noticed Nikola
 22102 | Vaults:3 | Killed Nikola
 22262 | Vaults:5 | Entered Level 5 of the Vaults
 22466 | Vaults:5 | Reached skill level 3 in Translocations
 22549 | Vaults:5 | Reached XP level 20. HP: 170/170 MP: 31/42
 22612 | Vaults:5 | Reached skill level 13 in Fighting
 22655 | Vaults:5 | Reached skill level 13 in Dodging
 22712 | Vaults:5 | Reached skill level 19 in Unarmed Combat
 22746 | Vaults:5 | Identified a scroll of acquirement
 22781 | Vaults:5 | Got a silver rune of Zot
 22954 | Vaults:5 | Identified the ring of Xicse {rCorr MR+ Stlth+} (You found it on level 5 of the Vaults)
 23031 | Vaults:5 | Noticed a golden dragon
 23037 | Vaults:5 | Killed a golden dragon
 23333 | Vaults:5 | Identified the Volume of the Allies
 23571 | Vaults:4 | Identified the amulet "Piyreicw" {Spirit rC- rN+ MR+ Dex+4} (You acquired it on level 4 of the Vaults)
 23609 | Vaults:3 | Noticed Jory
 23623 | Vaults:3 | Killed Jory
 23672 | Vaults:3 | Noticed Frederick
 23680 | Vaults:3 | Killed Frederick
 23680 | Vaults:3 | Reached skill level 13 in Spellcasting
 24296 | Slime:1  | Entered Level 1 of the Pits of Slime
 24448 | Slime:3  | Reached XP level 21. HP: 180/180 MP: 31/44
 24486 | Slime:4  | Reached skill level 14 in Spellcasting
 24496 | Slime:5  | Entered Level 5 of the Pits of Slime
 24575 | Slime:5  | Noticed the Royal Jelly
 24582 | Slime:5  | Killed the Royal Jelly
 24643 | Slime:5  | Identified the ring of Xom's Amusement {Fire Str-5 Int+3 Dex+2} (You found it on level 5 of the Pits of Slime)
 24675 | Slime:5  | Got a slimy rune of Zot
 24682 | Slime:5  | Identified the Collected Works on Transformation
 24695 | Slime:5  | Got a twitching marble ring
 24698 | Slime:5  | Identified the ring "Moipegut" {+Blink rElec AC+3 Dex+2} (You found it on level 5 of the Pits of Slime)
 24887 | Lair:1   | Learned a level 4 spell: Control Undead
 24908 | D:8      | Bought 2 potions of brilliance for 80 gold pieces
 24908 | D:8      | Bought a potion of mutation for 80 gold pieces
 25184 | Crypt:1  | Entered Level 1 of the Crypt
 25247 | Crypt:1  | Reached skill level 15 in Spellcasting
 25462 | Crypt:3  | Entered Level 3 of the Crypt
 25913 | Crypt:3  | Reached skill level 16 in Spellcasting
 26069 | Crypt:3  | Found an ancient bone altar of Kikubaaqudgha.
 26076 | Crypt:3  | Learned a level 5 spell: Aura of Abjuration
 26077 | Crypt:3  | Noticed an ancient lich
 26084 | Crypt:3  | Killed an ancient lich
 26084 | Crypt:3  | Reached skill level 2 in Summonings
 26095 | Crypt:3  | Reached skill level 3 in Summonings
 26108 | Crypt:3  | Identified Asoyrhiugh's Grimoire of the Flamy Escort
 26116 | Crypt:3  | Noticed an ancient lich
 26127 | Crypt:3  | Killed an ancient lich
 26127 | Crypt:3  | Reached skill level 5 in Summonings
 26311 | Crypt:3  | Identified the Tome of Unholy Rituals
 26411 | Crypt:3  | Found a staircase to the Tomb.
 26415 | Crypt:3  | Reached skill level 6 in Summonings
 26417 | Crypt:3  | Identified Vehumet's Handbook of Confrontation
 26425 | Tomb:1   | Entered Level 1 of the Tomb of the Ancients
 26465 | Tomb:1   | Noticed a greater mummy
 26465 | Tomb:1   | Noticed a greater mummy
 26467 | Tomb:1   | Noticed a greater mummy
 26474 | Tomb:1   | Killed a greater mummy
 26484 | Tomb:1   | Killed a greater mummy
 26484 | Tomb:1   | Reached skill level 7 in Summonings
 26486 | Tomb:1   | Noticed a greater mummy
 26491 | Tomb:1   | Killed a greater mummy
 26496 | Tomb:1   | Killed a greater mummy
 26496 | Tomb:1   | Reached skill level 8 in Summonings
 26496 | Tomb:1   | Reached XP level 22. HP: 77/188 MP: 23/48
 26567 | Tomb:1   | Noticed a greater mummy
 26567 | Tomb:1   | Noticed a greater mummy
 26593 | Tomb:1   | Noticed a greater mummy
 26596 | Tomb:1   | Killed a greater mummy
 26596 | Tomb:1   | Reached skill level 4 in Evocations
 26608 | Tomb:1   | Killed a greater mummy
 26608 | Tomb:1   | Reached skill level 5 in Evocations
 26613 | Tomb:1   | Killed a greater mummy
 26693 | Tomb:1   | Noticed a greater mummy
 26700 | Tomb:1   | Killed a greater mummy
 26700 | Tomb:1   | Reached skill level 14 in Fighting
 26706 | Tomb:1   | Noticed a greater mummy
 26716 | Tomb:1   | Killed a greater mummy
 26716 | Tomb:1   | Reached skill level 6 in Evocations
 26742 | Tomb:2   | Noticed a greater mummy
 26742 | Tomb:2   | Noticed a greater mummy
 26742 | Tomb:2   | Noticed a greater mummy
 26742 | Tomb:2   | Noticed a greater mummy
 26866 | Tomb:2   | Killed a greater mummy
 26906 | Tomb:2   | Killed a greater mummy
 26918 | Tomb:2   | Killed a greater mummy
 26945 | Tomb:2   | HP: 24/247 [greater mummy/divine providence (13)]
 27176 | Tomb:3   | Entered Level 3 of the Tomb of the Ancients
 27188 | Tomb:3   | Noticed a greater mummy
 27279 | Tomb:3   | Noticed an ancient lich
 27288 | Tomb:3   | Killed an ancient lich
 27289 | Tomb:3   | Noticed an ancient lich
 27291 | Tomb:3   | Killed a greater mummy
 27291 | Tomb:3   | Reached skill level 15 in Fighting
 27291 | Tomb:3   | Reached skill level 20 in Unarmed Combat
 27298 | Tomb:3   | Reached skill level 4 in Translocations
 27302 | Tomb:3   | Noticed a greater mummy
 27309 | Tomb:3   | Killed an ancient lich
 27314 | Tomb:3   | Noticed a greater mummy
 27318 | Tomb:3   | Reached skill level 5 in Translocations
 27324 | Tomb:3   | Killed a greater mummy
 27395 | Tomb:3   | Noticed a greater mummy
 27402 | Tomb:3   | Noticed a greater mummy
 27404 | Tomb:3   | Killed a greater mummy
 27404 | Tomb:3   | Reached skill level 6 in Translocations
 27412 | Tomb:3   | Killed a greater mummy
 27412 | Tomb:3   | Reached skill level 7 in Translocations
 27442 | Tomb:3   | Killed a greater mummy
 27442 | Tomb:3   | Reached skill level 8 in Translocations
 27452 | Tomb:3   | Got a flickering steel ring
 27453 | Tomb:3   | Identified the ring "Lubrid" {Str+6 Dex+4 Stlth+} (You found it on level 3 of the Tomb of the Ancients)
 27496 | Tomb:3   | Identified the Compendium of the Helpful Glacier
 27497 | Tomb:3   | Identified A Primer on Theurgy
 27511 | Tomb:3   | Identified the ring "Ruixos" {Wiz +Inv} (You found it on level 3 of the Tomb of the Ancients)
 27512 | Tomb:3   | Identified the ring of Emaeru {*Corrode +Blink rElec Str+7 Stlth+} (You found it on level 3 of the Tomb of the Ancients)
 27518 | Tomb:3   | Identified the Disquisition on Entrancing Envenoming
 27542 | Tomb:3   | Noticed a greater mummy
 27554 | Tomb:3   | Killed a greater mummy
 27605 | Tomb:3   | Got a golden rune of Zot
 27689 | Tomb:2   | Learned a level 4 spell: Passage of Golubria
 27702 | Tomb:2   | Killed a greater mummy
 27714 | Tomb:1   | Noticed a greater mummy
 27726 | Tomb:1   | Killed a greater mummy
 27726 | Tomb:1   | Reached XP level 23. HP: 134/199 MP: 18/49
 27842 | Tomb:1   | Reached skill level 17 in Spellcasting
 28116 | Depths:1 | Entered Level 1 of the Depths
 28166 | Depths:1 | Found Welaisul's Weapon Shoppe.
 28219 | Depths:1 | Paralysed by a vampire knight for 4 turns
 28228 | Depths:1 | Paralysed by something for 2 turns
 28415 | Depths:2 | Found an ancient bone altar of Kikubaaqudgha.
 28456 | Depths:2 | Found a gateway to Hell.
 28492 | Hell     | Entered the Vestibule of Hell
 28492 | Hell     | Noticed Geryon
 28641 | Depths:2 | HP: 23/258 [ettin simulacrum (18)]
 28652 | Depths:2 | Found a white marble altar of Elyvilon.
 28679 | Depths:2 | Reached skill level 18 in Spellcasting
 28772 | Depths:1 | Learned a level 8 spell: Controlled Blink
 28876 | Depths:3 | Reached skill level 9 in Translocations
 28907 | Depths:3 | Reached skill level 10 in Translocations
 29118 | Depths:3 | Found a one-way gate leading to the halls of Pandemonium.
 29179 | Depths:4 | Found a one-way gate to the infinite horrors of the Abyss.
 29195 | Depths:4 | Reached skill level 11 in Translocations
 29199 | Depths:4 | Noticed Sojobo
 29215 | Depths:4 | Killed Sojobo
 29286 | Hell     | Killed Geryon
 29294 | Hell     | Reached XP level 24. HP: 135/206 MP: 24/52
 29304 | Hell     | Reached skill level 12 in Translocations
 29349 | Hell     | HP: 18/206 [blizzard demon (17)]
 29349 | Hell     | HP: 7/206 [blizzard demon/the air (11)]
 29350 | Hell     | HP: 2/206 [blizzard demon/bolt of lightning (13)]
 29363 | Depths:4 | Found a gateway to a ziggurat.
 29510 | Hell     | Found a gateway to the Iron City of Dis.
 29518 | Dis:1    | Entered Level 1 of the Iron City of Dis
 29564 | Dis:1    | Reached skill level 13 in Translocations
 30133 | Dis:3    | Reached skill level 14 in Translocations
 30164 | Dis:3    | You fall through a shaft!
 30221 | Dis:4    | You fall through a shaft!
 30323 | Dis:5    | Gained mutation: You are occasionally teleported next to monsters. [mutagenic glow]
 30327 | Dis:5    | HP: 18/267 [skeletal warrior/trident[a skeletal warrior] (14)]
 30361 | Dis:5    | HP: 9/267 [reaper/scythe of flaming (24)]
 30406 | Dis:5    | Lost mutation: You expend magic power (3 MP) to strengthen your wands. [potion of mutation]
 30406 | Dis:5    | Lost mutation: Your mind is acute. (Int +2) [potion of mutation]
 30406 | Dis:5    | Gained mutation: You are partially covered in thin metallic scales. (AC +2) [potion of mutation]
 30406 | Dis:5    | Gained mutation: You are somewhat resistant to further mutation. [potion of mutation]
 30407 | Dis:5    | Lost mutation: You are somewhat resistant to further mutation. [potion of mutation]
 30407 | Dis:5    | Lost mutation: Your muscles are strong. (Str +2) [potion of mutation]
 30407 | Dis:5    | Lost mutation: You are partially covered in thin metallic scales. (AC +2) [potion of mutation]
 30407 | Dis:5    | Gained mutation: Your body sometimes deteriorates upon taking damage. [potion of mutation]
 30407 | Dis:5    | Gained mutation: You can translocate small distances at will. [potion of mutation]
 30408 | Dis:5    | Lost mutation: Your body sometimes deteriorates upon taking damage. [potion of mutation]
 30408 | Dis:5    | Lost mutation: You are occasionally teleported next to monsters. [potion of mutation]
 30408 | Dis:5    | Lost mutation: You can translocate small distances at will. [potion of mutation]
 30408 | Dis:5    | Gained mutation: You do not regenerate when monsters are visible. [potion of mutation]
 30408 | Dis:5    | Gained mutation: Your flesh is heat resistant. (rF+) [potion of mutation]
 30408 | Dis:5    | Gained mutation: You have very sharp teeth. [potion of mutation]
 30409 | Dis:5    | Lost mutation: You have very sharp teeth. [potion of mutation]
 30409 | Dis:5    | Lost mutation: You do not regenerate when monsters are visible. [potion of mutation]
 30409 | Dis:5    | Lost mutation: Your flesh is heat resistant. (rF+) [potion of mutation]
 30409 | Dis:5    | Gained mutation: You do not regenerate when monsters are visible. [potion of mutation]
 30409 | Dis:5    | Gained mutation: Your flesh is heat resistant. (rF+) [potion of mutation]
 30409 | Dis:5    | Gained mutation: You have sharp toenails. [potion of mutation]
 30409 | Dis:5    | Gained mutation: You are resistant to hostile enchantments. (MR+) [potion of mutation]
 30410 | Dis:5    | Lost mutation: You are resistant to hostile enchantments. (MR+) [potion of mutation]
 30410 | Dis:5    | Gained mutation: You evolve. [potion of mutation]
 30410 | Dis:5    | Gained mutation: You occasionally shout uncontrollably at your foes. [potion of mutation]
 30410 | Dis:5    | Gained mutation: You are resistant to electric shocks. (rElec) [potion of mutation]
 30411 | Dis:5    | Lost mutation: You have sharp toenails. [potion of mutation]
 30411 | Dis:5    | Lost mutation: You occasionally shout uncontrollably at your foes. [potion of mutation]
 30411 | Dis:5    | Lost mutation: You are resistant to electric shocks. (rElec) [potion of mutation]
 30411 | Dis:5    | Lost mutation: You do not regenerate when monsters are visible. [potion of mutation]
 30411 | Dis:5    | Gained mutation: Your flesh is very heat resistant. (rF++) [potion of mutation]
 30411 | Dis:5    | Gained mutation: You tend to lose your temper in combat. [potion of mutation]
 30411 | Dis:5    | Gained mutation: You are resistant to electric shocks. (rElec) [potion of mutation]
 30479 | Dis:5    | Reached skill level 15 in Translocations
 30501 | Dis:5    | HP: 19/267 [hellion/damnation (29)]
 30502 | Dis:5    | Killed from afar by a hellion

Skill      XL: |  1  2  3  4  5  6  7  8  9 10 11 12 13 14 15 16 17 18 19 20 21 22 23 24 |
---------------+-------------------------------------------------------------------------+-----
Fighting       | 1 2 4 5 6 7 8 9 10 11 12 13 15 | 15.0
Unarmed Combat | 3 4 5 6 7 8 10 12 13 14 15 16 17 18 19 20 | 20.0
Spellcasting   | 2 3 4 6 8 9 12 13 16 18 | 18.5
Transmutations | 2 3 4 8 10 11 12 | 12.3
Dodging        | 2 3 4 5 6 7 8 9 10 11 12 13 | 13.8
Charms         | 1 2 |  2.2
Necromancy     | 1 2 5 10 | 10.6
Air Magic      | 1 |  1.0
Earth Magic    | 5 8 9 |  9.7
Translocations | 2 3 8 11 15 | 15.1
Shields        | 4 |  4.2
Evocations     | 3 6 |  6.1
Conjurations   | 3 |  3.3
Summonings     | 8 |  8.3

Action                   |  1- 3 |  4- 6 |  7- 9 | 10-12 | 13-15 | 16-18 | 19-21 | 22-24 || total
-------------------------+-------+-------+-------+-------+-------+-------+-------+-------++-------
Melee: Unarmed           |   116 |    65 |   341 |   615 |   973 |  1388 |  1193 |   916 ||  5607
       Kick              |    12 |       |       |       |       |       |       |       ||    12
       Headbutt          |     6 |       |       |       |       |       |       |       ||     6
       Punch             |     1 |       |     1 |    20 |    35 |       |       |       ||    57
Throw: Stone             |     2 |       |       |       |       |       |       |       ||     2
 Cast: Beastly Appendage |    16 |       |       |       |       |       |       |       ||    16
       Sticks to Snakes  |     4 |     5 |    11 |    33 |    39 |    51 |    35 |     4 ||   182
       Spider Form       |     5 |    11 |    40 |     9 |       |       |       |       ||    65
       Regeneration      |       |       |    14 |    22 |    56 |    67 |    61 |    99 ||   319
       Animate Skeleton  |       |       |     6 |    66 |    47 |    40 |    19 |       ||   178
       Blade Hands       |       |       |       |    73 |    25 |       |       |       ||    98
       Apportation       |       |       |       |     3 |    67 |   125 |   159 |    35 ||   389
       Statue Form       |       |       |       |     1 |    50 |    94 |    68 |    57 ||   270
       Blink             |       |       |       |       |     2 |       |     6 |    40 ||    48
       Animate Dead      |       |       |       |       |    19 |    23 |    15 |    33 ||    90
       Death Channel     |       |       |       |       |       |    27 |    24 |    15 ||    66
       Passwall          |       |       |       |       |       |    81 |     8 |    30 ||   119
       Irradiate         |       |       |       |       |       |       |    18 |    33 ||    51
       Song of Slaying   |       |       |       |       |       |       |     2 |     2 ||     4
       Lee's Rapid Decon |       |       |       |       |       |       |     4 |    13 ||    17
       Sublimation of Bl |       |       |       |       |       |       |     1 |       ||     1
       Control Undead    |       |       |       |       |       |       |    17 |    62 ||    79
       Aura of Abjuratio |       |       |       |       |       |       |     3 |    19 ||    22
       Passage of Golubr |       |       |       |       |       |       |       |    20 ||    20
       Controlled Blink  |       |       |       |       |       |       |       |     2 ||     2
 Abil: End Transformatio |       |       |     1 |    15 |     7 |     3 |     1 |     3 ||    30
       Evoke Invisibilit |       |       |       |       |       |       |       |     1 ||     1
Evoke: Wand              |       |       |     9 |    22 |     9 |    20 |     4 |     4 ||    68
  Use: Scroll            |     9 |     1 |     8 |    13 |    15 |    21 |    17 |    23 ||   107
       Potion            |       |       |     3 |     5 |    16 |    10 |     3 |    29 ||    66
 Stab: Sleeping          |     1 |     1 |     4 |     1 |     1 |     6 |     2 |     6 ||    22
       Paralysed         |       |       |    12 |     6 |       |     9 |     2 |       ||    29
       Distracted        |       |       |     1 |     4 |     7 |    16 |    19 |    16 ||    63
       Confused          |       |       |       |       |     1 |       |       |       ||     1
       Invisible         |       |       |       |       |       |       |       |     6 ||     6
  Eat: Chunk             |     2 |     2 |    11 |    41 |    25 |    33 |     4 |       ||   118
       Royal jelly       |       |     1 |       |     1 |     1 |     4 |     4 |     2 ||    13
       Bread ration      |       |       |     1 |       |     3 |     2 |     3 |     5 ||    14
       Fruit             |       |       |       |       |     4 |     1 |    13 |     2 ||    20
       Meat ration       |       |       |       |       |     1 |     5 |     2 |     1 ||     9
Armor: Robe              |    28 |     4 |    17 |     5 |       |       |       |       ||    54
       Skin              |     2 |     2 |     8 |     4 |   604 |   492 |   401 |   553 ||  2066
       Troll leather arm |       |       |       |    87 |    18 |     4 |     7 |     4 ||   120
Dodge: Dodged            |    78 |    43 |   317 |   410 |  1050 |  1056 |   997 |  1408 ||  5359
Block: Buckler           |       |       |       |       |   176 |   942 |   889 |   773 ||  2780
       Reflection        |       |       |       |       |    20 |   109 |    78 |    47 ||   254

Table legend:
 A = Turns spent in this place as a percentage of turns spent in the entire game.
 B = Non-inter-level travel turns spent in this place as a percentage of non-inter-level travel turns spent in the entire game.
 C = Inter-level travel turns spent in this place as a percentage of turns spent in this place.
 D = Turns resting spent in this place as a percentage of non-inter-level travel turns spent in this place.
 E = Turns spent auto-exploring this place as a percentage of non-inter-level travel turns spent in this place.
 F = Non-inter-level travel turns spent in this place divided by the number of levels of this place that you've seen.
                   A       B       C       D       E      F
               +-------+-------+-------+-------+-------+----------------------
         Total | 100.0 | 100.0 |   0.2 |   0.0 |   0.0 | 496.0
       Dungeon |  22.4 |  22.4 |   0.3 |   0.0 |   0.0 | 458.2
          Lair |  12.0 |  12.0 |   0.3 |   0.0 |   0.0 | 613.7
         Swamp |   7.0 |   7.0 |   0.3 |   0.0 |   0.0 | 538.2
     Snake Pit |   7.8 |   7.8 |   0.1 |   0.0 |   0.0 | 600.2
    Slime Pits |   1.9 |   1.9 |   0.0 |   0.0 |   0.0 | 118.8
  Orcish Mines |   6.0 |   6.0 |   0.3 |   0.0 |   0.0 | 915.0
   Elven Halls |   6.3 |   6.3 |   0.1 |   0.0 |   0.0 | 644.7
        Vaults |  14.7 |  14.7 |   0.0 |   0.0 |   0.0 | 905.8
         Crypt |   4.6 |   4.6 |   0.0 |   0.1 |   0.0 | 472.7
          Tomb |   5.8 |   5.8 |   0.1 |   0.0 |   0.0 | 597.3
        Depths |   4.6 |   4.6 |   0.0 |   0.0 |   0.0 | 350.8
          Hell |   0.8 |   0.8 |   0.0 |   0.0 |   0.0 | 233.0
           Dis |   3.5 |   3.5 |   0.0 |   0.0 |   0.0 | 217.8
       Volcano |   1.2 |   1.2 |   0.0 |   0.0 |   0.0 | 362.0
        Wizlab |   1.5 |   1.5 |   0.0 |   0.0 |   0.0 | 457.0
               +-------+-------+-------+-------+-------+----------------------

Table legend:
 A = Kills in this place as a percentage of kills in entire the game.
 B = Kills by you in this place as a percentage of kills by you in the entire game.
 C = Kills by friends in this place as a percentage of kills by friends in the entire game.
 D = Other kills in this place as a percentage of other kills in the entire game.
 E = Experience gained in this place as a percentage of experience gained in the entire game.
 F = Experience gained in this place divided by the number of levels of this place that you have seen.
                   A       B       C       D       E      F
               +-------+-------+-------+-------+-------+----------------------
         Total | 100.0 | 100.0 | 100.0 | 100.0 | 100.0 | 20490.6
       Dungeon |  18.0 |  19.5 |  11.9 |   5.9 |   4.9 | 4175.1
          Lair |   6.5 |   6.8 |   5.5 |   2.9 |   3.4 | 7218.8
         Swamp |   6.8 |   6.8 |   7.0 |   2.9 |   5.0 | 16006.5
     Snake Pit |   8.2 |   8.2 |   8.8 |   0.0 |   7.9 | 25182.0
    Slime Pits |   2.2 |   1.9 |   3.9 |   0.0 |   4.4 | 11078.8
  Orcish Mines |   5.3 |   6.0 |   2.1 |   0.0 |   1.3 | 7961.0
   Elven Halls |   5.2 |   5.9 |   2.1 |   2.9 |   6.8 | 28792.3
        Vaults |  16.4 |  15.7 |  17.4 |  41.2 |  22.1 | 56152.8
         Crypt |   5.1 |   5.6 |   3.1 |   0.0 |   6.8 | 28886.0
          Tomb |   8.4 |   5.4 |  21.6 |  23.5 |  16.0 | 67806.3
        Depths |   7.7 |   7.1 |  10.4 |   8.8 |  11.4 | 36155.2
          Hell |   2.4 |   2.5 |   1.8 |   2.9 |   2.4 | 30532.0
           Dis |   6.5 |   6.9 |   4.2 |   8.8 |   5.7 | 14551.2
       Volcano |   0.5 |   0.6 |   0.0 |   0.0 |   0.3 | 3673.0
        Wizlab |   1.0 |   1.1 |   0.3 |   0.0 |   1.5 | 19609.0
               +-------+-------+-------+-------+-------+----------------------

Vault maps used:
D:1:      scummos_arrival_forest, minivault_4
D:2:      minivault_19, uniq_crazy_yiuf_cottage
D:3:      first_bread, nicolae_tso_carved_into_rock, uniq_robin
D:4:      kennysheep_mini_moat, minmay_temple_entry_overgrown,
          wad_floor_pattern_untrapped, nicolae_elemental_shop
D:5:      lemuel_statue_altar, uniq_duvessa, uniq_prince_ribbit1, uniq_edmund
D:6:      grunt_dithmenos_smoke
D:8:      erik_lair_island, serial_shops, kennysheep_mini
D:9:      lemuel_bear_cage, serial_shops, shop_fountains, uniq_pikel
D:10:     kennysheep_orc_monster_closet_entryway, serial_shops, shop,
          uniq_nergalle
D:11:     uniq_psyche
D:12:     minmay_tri_box, serial_shops, shop, shop, shop, shop, shop,
          minmay_hollow_rounded_squares, uniq_josephine, uniq_gastronok
D:14:     erik_vaults_1, serial_undead, serial_undead_e, serial_undead_d,
          serial_undead_c, serial_undead_b, serial_undead_e, serial_undead_d,
          serial_undead_b, grunt_decor_mini_mirrors
D:15:     gammafunk_depths_entry_grave, serial_shops, nicolae_shop_statue_plus,
          minmay_door_square, roderic_serpentine_path, hangedman_decor_riveting,
          lemuel_angel_altar, uniq_azrael
Lair:1:   gammafunk_lair_bear_cave, infiniplex_staircase_pool,
          lemuel_fruit_tree, grunt_megastairs_5
Lair:2:   small_statue_intersection, serial_bayou_shore_a, uniq_sonja
Lair:3:   dummy_snake_entry, wad_woods_river_01, uniq_snorg, uniq_urug
Lair:4:   minmay_swamp_entry_reptiles, grunt_forest_small_clearings
Lair:5:   minmay_slime_entry_eyes, infiniplex_staircase_pool_2
Lair:6:   due_jungle_book, nicolae_volcano_entry_hallway, lookout_lair_type,
          st_stairs_4
Swamp:1:  evilmike_swamp_ruin_rubble_2
Swamp:2:  nicolae_swamp_fairy_circle, swamp_pool3
Swamp:3:  nicolae_swamp_trees_clearing, swamp_pool4, uniq_mara
Swamp:4:  swamp, swamp_pool1
Snake:1:  serial_shops, shop, grunt_ministairs_12
Snake:2:  special_room, uniq_roxanne
Snake:3:  cheibrodos_snake_ritualist_ritual, basic_altar, st_stairs_10
Snake:4:  grunt_snake_rune_pools, serial_shops, shop, uniq_aizul
Slime:3:  cheibrodos_slime_lost_civilization_3,
          cheibrodos_slime_lost_civilization_7
Orc:1:    trog_butcher_becter, uniq_maurice, uniq_erolcha
Orc:2:    grunt_orc_tribal_feast, basic_altar, serial_shops, shop
Elf:1:    eino_elf_arrival_the_gate, mu_enter_wizlab_5,
          portal_ice_cave_entry_pillars_2, nicolae_elf_big_sculpture_2
Elf:3:    grunt_elf_hall_asides, serial_shops, shop, minmay_misc_feat_columns
Vaults:1: nicolae_vaults_mini_display_case, v_misc_12, hangedman_vaults_maws,
          ontoclasm_vaults_bender, v_misc_3, ontoclasm_vaults_eye, v_misc_23,
          grunt_vaults_hallway_long, hangedman_vaults_snaps,
          nicolae_vaults_diagonal_hallway_7, vaults_room_door_ring,
          ontoclasm_vaults_hangar
Vaults:2: v_misc_16, minmay_crypt_entry_necro_gods, v_pattern_5,
          hangedman_vaults_impose, nicolae_vaults_holding_cells,
          ontoclasm_vaults_spin, v_alt_pattern_4,
          nicolae_vaults_border_crossing, v_alt_pattern_5, v_alt_pattern_3,
          v_misc_27, nicolae_vaults_shelves_hall, uniq_asterion
Vaults:3: nicolae_vaults_windows_and_doors_thing, nicolae_vaults_gold_heap,
          hangedman_vaults_corner_blocks, v_alt_pattern_2,
          nicolae_vaults_little_ls, hangedman_vaults_cutoff,
          nicolae_vaults_ring_of_whatevers, nicolae_vaults_specimen_jars,
          ontoclasm_vaults_pinch, ontoclasm_vaults_ring_small, v_rooms_4,
          hangedman_vaults_stretched_pinwheel, serial_shops, shop, uniq_jory,
          uniq_donald, uniq_nikola, uniq_frederick
Vaults:4: v_rooms_5, nicolae_vaults_ring_of_whatevers, v_misc_22,
          vaults_room_hangedman_quadrants, vaults_dpeg_doors,
          vaults_dpeg_encased_lava, nicolae_vaults_network_s, v_misc_16,
          nicolae_vaults_inception_corners, v_alt_pattern_2,
          hangedman_vaults_stream, nicolae_vaults_little_squares_4,
          vaults_mumra_hexcomb, vaults_dpeg_hooks, uniq_mennas
Crypt:1:  roderic_lattice_octagonal_star, grunt_megastairs_1
Crypt:3:  quadcrypt_mu
Depths:1: grunt_hell_horde, serial_shops, nicolae_shop_waterfront, minivault_14,
          hangedman_summoners_spam
Depths:2: grunt_profane_halls, abyss_entry, hell_entry
Depths:3: hangedman_cross_cluster, pan_entry, hangedman_tar_grid_catacomb,
          hangedman_decor_diamond_cutter
Depths:4: minmay_bloctagon, enter_ziggurat_d, abyss_entry, hell_entry,
          kennysheep_nub, hangedman_decor_push, grunt_decor_resistance,
          minmay_shop_star, minmay_staircase_windowed_small, uniq_sojobo
Dis:4:    nicolae_dis_lava_storage_tank
Dis:5:    grunt_deathspiral_small, nrook_loot_triangle, hangedman_dis_chains
Volcano:  volcano_lake
WizLab:   wizlab_demon
